 Dungeon Crawl Stone Soup version 0.29-a0-477-g62b78b4225 (webtiles) character file.

Game seed: 9774819585709310476

210 siradein the Covered (level 5, -2/50 HPs)
             Began as a Deep Dwarf Fighter on May 25, 2022.
             Slain by Grinder (3 damage)
             ... while paralysed by Grinder
             ... on level 3 of the Dungeon.
             The game lasted 00:10:47 (2973 turns).

siradein the Covered (Deep Dwarf Fighter)           Turns: 2973, Time: 00:10:48

Health: -2/50      AC: 10    Str: 22    XL:     5   Next: 56%
Magic:  5/5        EV:  2    Int:  8    God:
Gold:   207        SH:  0    Dex: 12    Spells: 4/4 levels left

rFire   . . .      SeeInvis .   a - +0 flail
rCold   . . .      Faith    .   c - +0 buckler
rNeg    . . .      Spirit   .   s - +0 scale mail
rPois   .          Reflect  .   (no helmet)
rElec   .          Harm     .   m - +2 cloak
rCorr   .          Rampage  .   (no gloves)
Will    .....                   (no boots)
Stlth   ..........              (no amulet)
HPRegen 0.00/turn               (no ring)
MPRegen 0.09/turn               (no ring)

@: paralysed
A: damage resistance, heal wounds, sense surroundings 1, no regeneration
a: Heal Wounds


You were on level 3 of the Dungeon.
You visited 1 branch of the dungeon, and saw 3 of its levels.

You collected 207 gold pieces.

Inventory:

Hand Weapons
 a - a +0 flail (weapon)
 b - a +1 vorpal hand crossbow
Missiles
 f - 61 stones
 j - 9 poisoned darts
Armour
 c - a +0 buckler (worn)
 m - a +2 cloak (worn)
 s - a +0 scale mail (worn)
Scrolls
 i - 2 scrolls of teleportation
 k - 3 scrolls of amnesia
 l - a scroll of silence
 o - a scroll of magic mapping {unknown}
 p - a scroll of blinking {unknown}
 t - a scroll of fear {unknown}
 u - a scroll of brand weapon {unknown}
Potions
 d - a potion of might
 e - a potion of heal wounds {unknown}
 g - a potion of brilliance
 h - 2 potions of mutation {unknown}
 n - a potion of curing
 q - a potion of haste
 r - a potion of magic


   Skills:
 + Level 3.6 Fighting
 + Level 3.3 Maces & Flails
 + Level 4.5 Armour
 + Level 4.4 Shields


You had 4 spell levels left.
You didn't know any spells.
Your spell library contained the following spells:

 Spells                   Type           Power      Damage    Failure   Level
 Beastly Appendage        Tmut           0%         N/A       82%         1
 Wereblood                Tmut           0%         N/A       91%         2
 Spider Form              Tmut/Pois      0%         N/A       99%         3
 Blade Hands              Tmut           0%         N/A       100%        5
 Irradiate                Conj/Tmut      0%         3d13      100%        5
 Dragon Form              Tmut           0%         N/A       100%        7
 Borgnjor's Revivificati  Necr           0%         N/A       100%        8
 Necromutation            Tmut/Necr      0%         N/A       100%        8
 Death's Door             Necr           0%         N/A       100%        9


Dungeon Overview and Level Annotations

Branches:
Dungeon (3/15)

Altars:
Uskayaw

Annotations:
D:3 Grinder


Innate Abilities, Weirdness & Mutations

You are resistant to damage.
You can heal yourself by infusing magical energy.
You passively map a small area around you.
You do not regenerate.


Message History

Grinder is moderately wounded.
Grinder blinks!
Grinder gestures at you.
You suddenly lose the ability to move!
Grinder blinks!
Grinder barely misses you.
Grinder blinks!
You can move again.
Unknown command.
Unknown command.
Grinder blinks!
You closely miss Grinder.
Grinder is moderately wounded.
Grinder blinks!
Grinder says, "I used to sell toenails on the black market."
Grinder gestures at you.
You struggle to resist.
Grinder hits you.
* * * LOW HITPOINT WARNING * * *
You writhe in agony.
You hit Grinder but do no damage.
Grinder is moderately wounded.
Grinder blinks!
You thump Grinder!
Grinder is heavily wounded.
Grinder hits you.
* * * LOW HITPOINT WARNING * * *
You writhe in agony.
* * * LOW HITPOINT WARNING * * *
You barely miss Grinder.
Grinder is heavily wounded.
Grinder gestures at you.
You suddenly lose the ability to move!
Grinder hits you.
You writhe in agony.
* * * LOW HITPOINT WARNING * * *
Grinder hits you.
* * * LOW HITPOINT WARNING * * *
Grinder hits you.
* * * LOW HITPOINT WARNING * * *
You writhe in agony.
You die...

###########
#.........#########
######.....!<..#.......#
###..............#.......#
#................#.......#
...###...........#.......#
8 .._...8@).†....#.......#
...)....5.#.#####..<....#
8.......8..#.............#
......?....#.......##.####
8.......8...........#.#
....................#.# ##
###.###....<......#.###.
#. ...#...........#... , #
###.#..>..........##


You could see Grinder.

Vanquished Creatures
  3 orc priests
  3 adders
  A worm (D:3)
  9 orcs
  7 bats
  6 endoplasms
  4 giant cockroaches
  11 goblins
  6 hobgoblins
  7 jackals
  2 kobolds (D:2)
  3 quokkas
  5 ball pythons
  8 frilled lizards
  2 rats
77 creatures vanquished.

Notes
Turn   | Place    | Note
-------+----------+-------------------------------------------
     0 | D:1      | siradein the Deep Dwarf Fighter began the quest for the
                  | Orb.
     0 | D:1      | Reached XP level 1. HP: 20/20 MP: 1/1
   285 | D:1      | Reached XP level 2. HP: 27/27 MP: 2/2
   370 | D:1      | Found a faded altar of an unknown god.
   872 | D:1      | Reached XP level 3. HP: 30/34 MP: 3/3
  1461 | D:2      | Reached XP level 4. HP: 32/42 MP: 4/4
  2617 | D:3      | Reached XP level 5. HP: 12/49 MP: 5/5
  2940 | D:3      | Found a hide-covered altar of Uskayaw.
  2940 | D:3      | Noticed Grinder
  2956 | D:3      | Paralysed by Grinder for 5 turns
  2971 | D:3      | Paralysed by Grinder for 4 turns
  2973 | D:3      | HP: 1/50 [Grinder (4)]
  2973 | D:3      | Slain by Grinder

Illustrated notes

Levels and vault maps discovered:
D:1:      sevenhm_arrival_forest_fort_large_3, layout_loops_ring,
          ebering_ecumenical_altar_sacrificial, minivault_5, dk_noncrumbling_4,
          minmay_misc_feat_plants, hangedman_decor_points
D:2:      layout_basic
D:3:      layout_rooms, eat_drink_and_be_merry_uskayaw, uniq_grinder

Skill      XL: |  1  2  3  4 |
---------------+-------------+-----
Fighting       | 3 |  3.6
Armour         | 4 |  4.5
Shields        | 4 |  4.4
Maces & Flails | 3 |  3.3

Action                   |  1- 3 |  4- 6 || total
-------------------------+-------+-------++-------
Melee: Flail             |   108 |   120 ||   228
 Fire: Hand crossbow     |       |    31 ||    31
 Abil: Heal Wounds       |     2 |     3 ||     5
  Use: Scroll            |       |    10 ||    10
Armor: Scale mail        |    40 |    44 ||    84
Dodge: Dodged            |    38 |    53 ||    91
Block: Buckler           |    21 |    34 ||    55

Table legend: (Time is in decaauts)
 A = Elapsed time spent in this place.
 B = Non-inter-level travel time spent in this place.
 C = Inter-level travel time spent in this place.
 D = Time resting spent in this place.
 E = Time spent auto-exploring this place.
 F = Levels seen in this place.
 G = Mean time per level.
                   A        B        C        D        E       F      G
               +--------+--------+--------+--------+--------+-----+--------+
         Total |   3052 |   2913 |    139 |    110 |   2011 |   3 | 1017.3 |
       Dungeon |   3052 |   2913 |    139 |    110 |   2011 |   3 | 1017.3 |
               +--------+--------+--------+--------+--------+-----+--------+

Top non-repeatable levels by time:
     D:1: 1354 daAuts
     D:2: 1015 daAuts
     D:3: 682 daAuts
